[Event "*** SCC Grand Prix: Titled Tuesday Blitz"]
[Site "Chess.com"]
[Date "2020.09.08"]
[Round "4"]
[White "ExtremeLearner"]
[Black "annamaja"]
[Result "0-1"]
[WhiteElo "2434"]
[BlackElo "2286"]
[TimeControl "180+1"]
[EndTime "10:41:50 PDT"]
[Termination "annamaja won by resignation"]

1. d4 d5 2. Nf3 Nf6 3. Bf4 e6 4. e3 Bd6 5. Bg3 O-O 6. Nbd2 Ne4 7. Nxe4 dxe4 8. Nd2 f5 9. Be2 c5 10. Bxd6 Qxd6 11.
Nc4 Qc7 12. c3 b6 13. Ne5 Bb7 14. h4 Nc6 15. Nxc6 Qxc6 16. Rc1 f4 17. Bg4 fxe3 18. fxe3 Qd6 19. Rh3 e5 20. d5 Qxd5 21. Qxd5+ Bxd5 22. c4 Bc6 23. Be6+ Kh8 24. Rd1 Rae8 25. Bd5 Bd7 26. Rg3 Bc8 27. Bxe4 Re6 28. Rf3 Ref6 29. h5 Bg4 30. Rxf6 gxf6 31. Rd6 f5 32. Bf3 Rg8 33. Kf2 e4 34. Bxg4 fxg4 35. g3 Rg5 36. Rf6 Rxh5 37. Kg2 Kg7 38. Rf4 Re5 39. Rxg4+ Kf6 40. Rf4+ Kg6 41.
g4 h6 42. Rf2 Re7 43. Kg3 Rd7 44. Re2 Rd1 45. Kf4 Ra1 46. a3 Rc1 47. Kxe4 Rxc4+ 48.
Kf3 b5 49. Rd2 a5 50. Rd6+ Kg5 51. Rd5+ Kg6 52. e4 Rc2 53. Rd6+ Kg7 54. Kf4 Rxb2 55. e5 Rf2+ 56. Ke4 c4 57. e6 Kf6 58. Kd5 Rd2+ 59.
Kc6 Re2 60. Kd7 c3 61. e7+ Kf7 62. Rc6 Rxe7+ 63. Kc8 b4 64. axb4 axb4 65. Rc4 Re8+ 66. Kc7 Re2 67. Rxb4 c2 68. Rc4 Kg6 69. Kd6 Kg5 70.
Kd5 Kh4 71. Kd4 Kxg4 72. Kd3+ Kf3 73. Rxc2 Rxc2 74. Kxc2 h5 75. Kd2 Kg2 76. Ke1 h4 77. Ke2 h3 78. Ke3 h2 79. Ke2 h1=Q 80. Ke3 Qf1 0-1

[Event "*** SCC Grand Prix: Titled Tuesday Blitz"]
[Site "Chess.com"]
[Date "2020.09.08"]
[Round "4"]
[White "Jojo_1608"]
[Black "giantslayer83"]
[Result "0-1"]
[WhiteElo "2187"]
[BlackElo "2700"]
[TimeControl "180+1"]
[EndTime "10:41:52 PDT"]
[Termination "giantslayer83 won on time"]

1. d4 Nf6 2. c4 g6 3. Nc3 Bg7 4. Nf3 d6 5. Bg5 O-O 6. e3 Nbd7 7. Be2 h6 8. Bh4 c6 9. Qc2 e5 10. Rd1 Qe7 11. O-O Re8 12. Rfe1 e4 13. Nd2 g5 14.
Bg3 Nf8 15. b4 Ng6 16. c5 d5 17. Bd6 Qe6 18. b5 Nh4 19. Rb1 Bf8 20. Be5 Ng6 21. Bg3 h5 22. h3 h4 23. Bh2 g4 24.
hxg4 Nxg4 25. Bxg4 Qxg4 26. Qd1 Qg5 27. f4 exf3 28. Nxf3 Qh6 29. Qd2 h3 30. e4 Qh5 31.
Qg5 Qxg5 32. Nxg5 dxe4 33. Ncxe4 Bg7 34. Nf3 hxg2 35. Kxg2 Bf5 36. Nd6 Bxb1 37. Nxe8 Bxa2 38. bxc6 bxc6 39. Nxg7 Kxg7 40. Ne5 Bd5+ 41. Kg1 Nh4 42. Rf1 f6 43. Bg3 Rh8 44. Nd7 Nf3+ 45. Kf2 Nxd4 46. Ke3 Rh3 47. Kxd4 Rxg3 48. Nxf6 Bf7 49.
Ne4 Rg2 50. Nd6 Bd5 51. Ke5 a5 52. Ra1 Ba2 53. Ne4 Rc2 54. Kd6 Bd5 55. Ng3 Rg2 56.
Nf5+ Kf6 57. Ne7 Be4 58. Nxc6 Kf5 59. Nxa5 Rg6+ 60. Kc7 Ke5 61. c6 Kd5 62. Rd1+ Kc5 63. Nb3+ Kb4 64. Nd4 Kc4 65. Kb6 Rh6 66. Nc2 Rxc6+ 67. Ka5 Bxc2 68. Rd8 Be4 69. Rd2 Rc8 70. Rd1 Rb8 71. Rc1+ Kd5 72. Rd1+ Kc5 73. Rc1+ Kd6 74. Rd1+ Bd5 75. Rd2 Kc5 76. Rc2+ Bc4 0-1

[Event "*** SCC Grand Prix: Titled Tuesday Blitz"]
[Site "Chess.com"]
[Date "2020.09.08"]
[Round "4"]
[White "Tooweak2slow03"]
[Black "Artyom_ChessMate"]
[Result "1/2-1/2"]
[WhiteElo "2790"]
[BlackElo "2555"]
[TimeControl "180+1"]
[EndTime "10:42:13 PDT"]
[Termination "Game drawn - insufficient material"]

1. e4 c5 2. Nf3 d6 3. d4 cxd4 4. Nxd4 Nf6 5. Nc3 g6 6. Be3 Bg7 7. f3 O-O 8. Qd2 Nc6 9. Bc4 Bd7 10. h4 Rc8 11. Bb3 Ne5 12. O-O-O Nc4 13. Bxc4 Rxc4 14. g4 b5 15. h5 b4 16. Nce2 Qa5 17.
Kb1 Rfc8 18. hxg6 fxg6 19. Bh6 Bh8 20. Rc1 R4c7 21. Nb3 Qe5 22. Bf4 Nxe4 23. Bxe5 Nxd2+ 24. Nxd2 Bxe5 25. Rhg1 a5 26. c4 bxc3 27. Nxc3 Bxc3 28. Rxc3 Rxc3 29. bxc3 Rxc3 30. Re1 e5 31. Kb2 Rc6 32.
Ne4 Kg7 33. Rd1 Rb6+ 34. Ka3 Be6 35. Nxd6 h5 36. gxh5 gxh5 37. Ne4 h4 38. Rg1+ Kf8 39. Rh1 h3 40. Ng5 Bf5 41. Nxh3 Rd6 42. Nf2 Rd2 43. Ne4 Rd3+ 44. Ka4 Rxf3 45. Nd6 Be6 46. Kxa5 Bxa2 47. Rh5 Re3 48. Nf5 Re1 49. Kb4 e4 50. Rh3 Kf7 51. Re3 Rxe3 52. Nxe3 Ke6 53. Kc3 Ke5 54. Kd2 Kf4 55. Nd1 Bd5 56. Ne3 Bc6 57. Nd1 Kf3 58. Ne3 Ba4 59. Nc4 Bb3 60. Ne3 Kf2 61. Nf5 Be6 62. Ne3 Bd7 63. Nd1+ Kf3 64. Ne3 Be6 65. Nd1 Bc4 66. Ne3 Bb3 67. Nf5 Be6 68. Ne3 Bd7 69. Nd5 Kf2 70. Ne3 Ba4 71. Nc4 Bb3 72.
Ne3 Be6 73. Nd1+ Kf3 74. Ne3 Bf7 75. Nf5 Bg6 76. Ne3 Bf7 77. Nf5 Kf4 78. Ne3 Ke5 79. Nd1 Kd4 80. Ne3 Be6 81. Nd1 Bg4 82. Ne3 Bf3 83. Nf1 Ke5 84. Ne3 Kf4 85. Nd5+ Kg3 86. Ne3 Kf2 87. Nf5 Bg2 88. Ne3 Bh3 89. Nd5 Bg4 90.
Ne3 Bf3 91. Nf5 Bg2 92. Ne3 Kf3 93. Nxg2 Kxg2 94. Ke3 Kh1 95. Kxe4 1/2-1/2

[Event "*** SCC Grand Prix: Titled Tuesday Blitz"]
[Site "Chess.com"]
[Date "2020.09.08"]
[Round "4"]
[White "Duong57"]
[Black "IvanSoriano1"]
[Result "0-1"]
[WhiteElo "2296"]
[BlackElo "2465"]
[TimeControl "180+1"]
[EndTime "10:42:21 PDT"]
[Termination "IvanSoriano1 won by checkmate"]

1. d4 Nf6 2. c4 e6 3. Nc3 Bb4 4. Qc2 O-O 5. a3 Bxc3+ 6. Qxc3 d5 7. Bg5 dxc4 8. Qxc4 b6 9. Rd1 Ba6 10. Qa4 Qd7 11.
Qc2 Qe7 12. Nf3 h6 13. Bh4 Nbd7 14. Ne5 Rfc8 15. Nc6 Qf8 16. e4 Bxf1 17. Rxf1 Qe8 18. f3 Nh5 19. Ne7+ Kh7 20. Nxc8 Rxc8 21. Kf2 c6 22. Kg1 Kg8 23. Rc1 Nf4 24. Bg3 Nh5 25.
Bf2 Nf4 26. Be3 Ng6 27. Qa4 Rc7 28. b4 Qc8 29. Rc2 e5 30. Rfc1 exd4 31. Bxd4 Nf4 32. Be3 Nd3 33. Rd1 N3e5 34. f4 Ng4 35. Qb3 Qe8 36. h3 Ngf6 37. e5 Nh5 38. Qd3 Nf8 39.
Qe2 g6 40. Qf3 Rd7 41. Rxd7 Qxd7 42. Rxc6 Ne6 43. Rd6 Qc7 44. f5 Nf8 45. fxg6 fxg6 46. Qd5+ Kg7 47. e6 Nf6 48. Qd4 Kg8 49. Rd8 Kg7 50.
Bxh6+ Kxh6 51. Qxf6 Qc1+ 52. Kh2 Qc7+ 53. Kg1 Qc1+ 54. Qf1 Qe3+ 55. Kh1 Nxe6 56. Re8 Qb3 57. Qc1+ Kh7 58. Qe1 Ng7 59. Rd8 Qxa3 60. Qh4+ Nh5 61.
Qe7+ Ng7 62. Rd7 Qa1+ 63. Kh2 a5 64. Qh4+ Kg8 65. Rd8+ Kf7 66. Qf4+ Nf5 67. Qc7+ Ne7 68. Rf8+ Kxf8 69. Qxb6 Qe5+ 70. Kh1 a4 71. Qd8+ Kf7 72.
Qd3 Qa1+ 73. Kh2 Qe5+ 74. Kh1 Nf5 75. Qc4+ Qe6 76. Qc7+ Kf6 77. Qc3+ Qe5 78. Qc6+ Kg5 79. Qxa4 Ng3+ 80. Kg1 Qe1+ 81. Kh2 Qe5 82. Kg1 Ne2+ 83.
Kf2 Nf4 84. h4+ Kg4 85. Qc2 Qd4+ 86. Kf1 Nd5 87. Qe2+ Kxh4 88. g3+ Kxg3 89. Qg2+ Kf4 90. Qxg6 Ne3+ 91. Kf2 Nf5+ 92. Kg2 Nh4+ 93. Kh3 Nxg6 94. Kh2 Qf2+ 95. Kh1 Kg3 96. b5 Qg2# 0-1

[Event "*** SCC Grand Prix: Titled Tuesday Blitz"]
[Site "Chess.com"]
[Date "2020.09.08"]
[Round "4"]
[White "AlexOstrovskiy"]
[Black "angryhorse9"]
[Result "1/2-1/2"]
[WhiteElo "2731"]
[BlackElo "2511"]
[TimeControl "180+1"]
[EndTime "10:42:25 PDT"]
[Termination "Game drawn - insufficient material"]

1. d4 Nf6 2. Bf4 d5 3. e3 c5 4. dxc5 e6 5. b4 a5 6. c3 Be7 7.
Nd2 O-O 8. Ngf3 b6 9. a4 axb4 10. cxb4 bxc5 11. b5 c4 12. Qc2 Nbd7 13. Ne5 Nxe5 14.
Bxe5 Bb4 15. f3 Nd7 16. Bc3 Qa5 17. Bxb4 Qxb4 18. Kf2 Nc5 19. Be2 Bd7 20. Rhb1 Qa5 21. Bxc4 Rfc8 22. Kg1 Nb7 23. Qd3 dxc4 24. Qxd7 Rd8 25.
Qxb7 Qxd2 26. Qe4 c3 27. b6 c2 28. Rf1 Rac8 29. b7 c1=Q 30. bxc8=Q Qxe3+ 31. Kh1 Rxc8 32. Raxc1 Qxc1 33. Qe2 Qa3 34. Qe1 Qxa4 35. h3 Qc6 36. Rg1 Rd8 37. Qf1 h6 38. Qf2 Rd3 39. Rf1 Qd5 40. Qg3 Kh7 41. Qf2 Rd2 42. Qg3 Qd3 43. Rg1 Kg8 44. Qf4 Qd5 45. Qg3 Qd6 46. Qg4 Qd5 47. Qb4 Kh7 48. Qb8 Kg6 49. Qb1+ f5 50. Qc1 Kf6 51. Qf1 Rd3 52. Qa1+ Rd4 53. Qe1 Qe5 54.
Qf2 Qd5 55. Qf1 Rd3 56. Qa1+ Kf7 57. Qe1 Kg6 58. Qg3+ Kh7 59. Qe1 Qd6 60. Qf2 Rd2 61. Qe3 e5 62. Re1 Rd5 63. Qe2 Kg6 64. Qe3 Kf6 65.
Qf2 Rd1 66. Qh4+ Kg6 67. Qg3+ Kh7 68. Kh2 Rxe1 69. Qxe1 e4+ 70. Kh1 Qf4 71. fxe4 fxe4 72. Qe2 Kg6 73. Kg1 Kf5 74. Qb5+ Kg6 75. Qe2 Kh7 76.
Qe1 e3 77. Qe2 Kg6 78. Qa6+ Kg5 79. Qe2 Kh4 80. Qe1+ Qg3 81. Qe2 Qf4 82. Qe1+ Kh5 83.
Qe2+ Kg6 84. Qe1 h5 85. Qe2 Kh6 86. Qd3 g6 87. Qe2 Kg5 88. Qe1 Kh6 89. Qe2 h4 90. Qe1 g5 91. Qe2 Kg6 92. Qa6+ Kh5 93. Qe2+ g4 94.
hxg4+ Qxg4 95. Qxe3 Qd1+ 96. Kh2 Qd6+ 97. Kg1 Qg6 98. Kh2 Qd6+ 99. Kg1 Qd1+ 100. Kh2 Qg4 101. Qh3 Qxh3+ 102. Kxh3 Kg5 103. g3 hxg3 104. Kxg3 1/2-1/2

[Event "*** SCC Grand Prix: Titled Tuesday Blitz"]
[Site "Chess.com"]
[Date "2020.09.08"]
[Round "4"]
[White "Reader777"]
[Black "Guenplen"]
[Result "0-1"]
[WhiteElo "2660"]
[BlackElo "2903"]
[TimeControl "180+1"]
[EndTime "10:42:28 PDT"]
[Termination "Guenplen won by resignation"]

1. d4 d5 2. c4 e6 3. Nc3 a6 4. cxd5 exd5 5. Bf4 Nf6 6. e3 c5 7. Nf3 c4 8. Be2 b5 9. a3 Be7 10. O-O O-O 11. Ne5 Bb7 12. b3 Nc6 13. Nxc6 Bxc6 14. Bf3 Rc8 15. Be5 Ba8 16. Ne2 Nd7 17. Bg3 Nb6 18.
Qb1 Bd6 19. Rc1 g6 20. Bxd6 Qxd6 21. b4 Na4 22. Nc3 Nxc3 23. Rxc3 Bc6 24. Qb2 Ra8 25. Rb1 a5 26. g3 axb4 27. axb4 Ra4 28. Ra3 Rfa8 29. Rxa4 Rxa4 30. Kg2 f5 31. h4 Kg7 32. h5 g5 33. Bd1 Ra7 34. Ra1 Qc7 35. Bc2 Kf6 36.
Qb1 Bd7 37. Qb2 h6 38. Qc3 Qb7 39. Qb2 Ra6 40. Ra3 Qa7 41. Rxa6+ Qxa6 42. Kg1 Be8 43. Bd1 g4 44. Kg2 Bxh5 45. Qc1 Kg7 46. Qd2 Bf7 47.
Bc2 Qa2 48. Qc3 Be6 49. Bd1 Kf7 50. Qe1 h5 51. Be2 Qb2 52. Bf1 c3 53. Bd3 c2 54.
Bxc2 Qxc2 55. Qa1 Qe4+ 56. Kg1 Bd7 57. Qa7 Qe7 58. Qb6 Qe6 59. Qc7 Qc6 60. Qf4 Qe6 61. Kg2 Ke8 62. Qg5 Qe7 63. Qf4 Qf7 64. Qb8+ Ke7 65.
Qe5+ Qe6 66. Qg7+ Kd6 67. Qf8+ Kc6 68. Qc5+ Kb7 69. Kg1 Qc6 70. Qe7 Qe6 71. Qc5 Bc6 72. Kg2 Qd7 73. Kg1 Qc7 74. Qf8 Bd7 75. Qf7 Qc1+ 76.
Kg2 Qc6 77. Qxh5 Qe6 78. Qh8 Qd6 79. Qh1 Qxb4 80. Qh7 Qd6 81. Qh1 b4 82. Qb1 Qb6 83. Qc2 Qb5 84. Qb2 b3 85. Kg1 Qb4 86. Kg2 Qc4 87. Qa3 Bc6 88. Qe7+ Kb6 89. Qd8+ Kb5 90. Qb8+ Ka4 91. Qb6 Ka3 92. Qa5+ Ba4 93. Qd2 b2 94. Qe1 Ka2 0-1

[Event "*** SCC Grand Prix: Titled Tuesday Blitz"]
[Site "Chess.com"]
[Date "2020.09.08"]
[Round "4"]
[White "Barmen_EV"]
[Black "kidagent"]
[Result "1/2-1/2"]
[WhiteElo "2442"]
[BlackElo "2276"]
[TimeControl "180+1"]
[EndTime "10:43:11 PDT"]
[Termination "Game drawn by 50-move rule"]

1. d4 d5 2. c4 c6 3. Nc3 dxc4 4. e4 b5 5. a4 b4 6. Nce2 e5 7. Nf3 exd4 8. Nexd4 Nf6 9. Bxc4 Bc5 10. e5 Nd5 11. Nxc6 Nxc6 12. Bxd5 Qb6 13. O-O O-O 14. a5 Qb5 15.
Bf4 Bg4 16. h3 Bh5 17. Rc1 Rad8 18. Bc4 Qxa5 19. Qc2 Bxf3 20. gxf3 Nd4 21. Qe4 Bb6 22. Bg5 Rde8 23. f4 Kh8 24. Bd3 f5 25. Qg2 Re6 26. Kh1 Rg6 27. h4 Ne6 28. Qf3 Nxg5 29. hxg5 Re6 30. Kg2 Bd4 31. Rh1 h6 32. Bc4 Rg6 33. Qh5 Qb6 34. Bd5 Bxf2 35. Bf3 Be3 36. Rc4 b3 37. Re1 Re6 38. Bd5 Ree8 39. gxh6 gxh6 40. Rh1 Rg8+ 41. Kf3 Bxf4 42. Kxf4 Qf2+ 43. Qf3 Rg4+ 44. Kxf5 Qxf3+ 45. Bxf3 Rxc4 46. Rxh6+ Kg7 47. Rg6+ Kh7 48. Rf6 Rc5 49. Rf7+ Kg8 50. Rxa7 Rexe5+ 51. Kf4 Rf5+ 52. Ke3 Rc2 53. Be4 Re5 54. Kd4 Rxe4+ 55. Kxe4 Rxb2 56. Kd3 Rh2 57. Rb7 b2 58. Kc3 Kf8 59. Rb8+ Ke7 60. Rb5 Kd6 61. Rb8 Kc7 62. Rb5 Kc6 63. Rb4 Rh3+ 64. Kxb2 Kc5 65. Rb8 Rh2+ 66. Kc3 Rh3+ 67. Kd2 Rh2+ 68. Ke3 Rh3+ 69. Kf4 Rh2 70. Kg3 Ra2 71.
Rc8+ Kd6 72. Rd8+ Ke7 73. Rd3 Kf6 74. Re3 Kf5 75. Kf3 Ra4 76. Rc3 Ra5 77. Rc4 Ke5 78.
Rh4 Ra3+ 79. Ke2 Ra2+ 80. Kd3 Ra3+ 81. Kc2 Rg3 82. Rh5+ Kf4 83. Kd2 Kg4 84. Rh8 Rg2+ 85. Ke3 Ra2 86. Rg8+ Kf5 87. Rb8 Ke5 88. Rb4 Ra3+ 89. Kd2 Ra2+ 90. Kc3 Ra3+ 91. Kc4 Rh3 92. Rb5+ Kd6 93. Rb8 Rh4+ 94. Kb5 Rh3 95. Rd8+ Ke7 96. Rd1 Ke6 97. Re1+ Kf5 98. Rc1 Rd3 99. Rc5+ Ke4 100. Rc8 Rd2 101. Kb4 Rd4+ 102. Kc3 Rd7 103. Kc2 Ke3 104. Re8+ Kd4 105. Rh8 Rc7+ 106. Kd2 Re7 107. Rh4+ Kd5 108. Rh3 Rg7 109. Kd3 Rg6 110. Re3 Rg5 111. Rf3 Rh5 112. Rf4 Rh3+ 113. Ke2 Rh5 114. Ra4 1/2-1/2

[Event "*** SCC Grand Prix: Titled Tuesday Blitz"]
[Site "Chess.com"]
[Date "2020.09.08"]
[Round "5"]
[White "joshuaguo"]
[Black "szefru"]
[Result "1-0"]
[WhiteElo "2208"]
[BlackElo "2051"]
[TimeControl "180+1"]
[EndTime "10:52:13 PDT"]
[Termination "joshuaguo won by resignation"]

1. e4 Nf6 2. e5 Nd5 3. Nc3 Nxc3 4. dxc3 g6 5. Bf4 Bg7 6. Qd2 O-O 7. h4 h5 8. Bh6 d6 9. Bxg7 Kxg7 10. O-O-O Nc6 11.
exd6 cxd6 12. f3 Be6 13. a3 Ne5 14. Nh3 Nc4 15. Bxc4 Bxc4 16. Qd4+ 1-0

[Event "*** SCC Grand Prix: Titled Tuesday Blitz"]
[Site "Chess.com"]
[Date "2020.09.08"]
[Round "5"]
[White "WilliamAlfaroCaracas"]
[Black "diamonds13"]
[Result "0-1"]
[WhiteElo "2093"]
[BlackElo "2285"]
[TimeControl "180+1"]
[EndTime "10:52:15 PDT"]
[Termination "diamonds13 won by resignation"]

1. e4 c5 2. d4 cxd4 3. c3 d3 4. Bxd3 Nc6 5. Nf3 g6 6. O-O Bg7 7. Bg5 h6 8. Bh4 Nf6 9. Nbd2 d6 10. Nc4 Be6 11. Qe2 O-O 12. Rad1 b5 13. Ne3 a6 14. e5 Ne8 15. Be4 Qc8 16. exd6 g5 17. Bxc6 Qxc6 18.
dxe7 gxh4 19. exf8=Q+ Bxf8 20. Nxh4 Ng7 21. Qh5 Nxh5 0-1

[Event "*** SCC Grand Prix: Titled Tuesday Blitz"]
[Site "Chess.com"]
[Date "2020.09.08"]
[Round "5"]
[White "MPGM"]
[Black "WIDBIFS"]
[Result "0-1"]
[WhiteElo "2480"]
[BlackElo "2713"]
[TimeControl "180+1"]
[EndTime "10:52:28 PDT"]
[Termination "WIDBIFS won by resignation"]

1. d4 Nf6 2. c4 g6 3. Nc3 Bg7 4. e4 O-O 5. Nf3 d6 6. Be2 Bg4 7. O-O Nfd7 8. Be3 e5 9. dxe5 dxe5 10. Nd2 Bxe2 11. Qxe2 Nc6 12. Rad1 Nd4 13. Qd3 Nc5 14. Qb1 c6 15. b4 Nce6 16. c5 a5 17. a3 axb4 18.
axb4 Ra3 19. Qb2 Rxc3 0-1

[Event "*** SCC Grand Prix: Titled Tuesday Blitz"]
[Site "Chess.com"]
[Date "2020.09.08"]
[Round "5"]
[White "Susal_De_Silva"]
[Black "anon102030"]
[Result "1-0"]
[WhiteElo "2514"]
[BlackElo "2711"]
[TimeControl "180+1"]
[EndTime "10:52:34 PDT"]
[Termination "Susal_De_Silva won by resignation"]

1. e4 e5 2. Nf3 Nc6 3. Bc4 Bc5 4. O-O Nf6 5. d3 d6 6. c3 Bb6 7. h3 Be6 8. Bb3 h6 9. Re1 O-O 10. Nbd2 Re8 11. Nf1 d5 12. Ng3 Qd7 13. Qe2 Rad8 14.
Be3 d4 15. cxd4 Bxb3 16. dxe5 Nxe5 17. Nxe5 Rxe5 18. Bxb6 axb6 19. axb3 Qxd3 20. Rad1 1-0

[Event "*** SCC Grand Prix: Titled Tuesday Blitz"]
[Site "Chess.com"]
[Date "2020.09.08"]
[Round "5"]
[White "bocah_sakit"]
[Black "chigorin28"]
[Result "1-0"]
[WhiteElo "2662"]
[BlackElo "2432"]
[TimeControl "180+1"]
[EndTime "10:52:47 PDT"]
[Termination "bocah_sakit won by resignation"]

1. e4 c5 2. Nf3 d6 3. d4 cxd4 4. Nxd4 Nf6 5. Nc3 a6 6. Bg5 e6 7. f4 h6 8. Bh4 Qb6 9. a3 Be7 10. Bf2 Qc7 11. Qe2 O-O 12. O-O-O b5 13. g4 Bb7 14. h4 d5 15. e5 Ne4 16. Nxe4 dxe4 17. Bg2 Nd7 18. g5 Kh7 19. Bxe4+ Bxe4 20. Qxe4+ g6 21. h5 Rg8 22. hxg6+ Rxg6 23. Rxh6+ Kg7 24. Rxg6+ 1-0

[Event "*** SCC Grand Prix: Titled Tuesday Blitz"]
[Site "Chess.com"]
[Date "2020.09.08"]
[Round "5"]
[White "vinniethepooh"]
[Black "daro94"]
[Result "0-1"]
[WhiteElo "2653"]
[BlackElo "2961"]
[TimeControl "180+1"]
[EndTime "10:53:11 PDT"]
[Termination "daro94 won by resignation"]

1. d4 d6 2. c4 e5 3. Nc3 exd4 4. Qxd4 Nc6 5. Qd2 Nf6 6. g3 Be6 7. e3 d5 8. cxd5 Nxd5 9. Nge2 Ndb4 10. Nf4 Qxd2+ 11. Kxd2 Bg4 12. Nb5 O-O-O+ 13. Kc3 g5 14. Bh3 Bxh3 15. Nxh3 Rd3+ 0-1

[Event "*** SCC Grand Prix: Titled Tuesday Blitz"]
[Site "Chess.com"]
[Date "2020.09.08"]
[Round "5"]
[White "Kazmin_Dmitrij"]
[Black "aljado"]
[Result "1-0"]
[WhiteElo "2285"]
[BlackElo "2099"]
[TimeControl "180+1"]
[EndTime "10:53:12 PDT"]
[Termination "Kazmin_Dmitrij won by resignation"]

1. e4 c5 2. Nf3 e6 3. d4 cxd4 4. Nxd4 Bc5 5. Nb3 Bb6 6. c4 Ne7 7. c5 Bc7 8. Nc3 b6 9. Nb5 bxc5 10. Nxc7+ Qxc7 11. Qg4 O-O 12. Be3 c4 13. Rc1 d5 14.
Qg3 Qxg3 15. hxg3 Nbc6 16. Nc5 Rb8 17. b3 cxb3 18. axb3 d4 19. Bd2 e5 20. Bc4 Na5 21. Bxa5 Nf5 22. exf5 1-0

[Event "*** SCC Grand Prix: Titled Tuesday Blitz"]
[Site "Chess.com"]
[Date "2020.09.08"]
[Round "5"]
[White "ChessWarrior3"]
[Black "Ramu_K_FM_FT"]
[Result "0-1"]
[WhiteElo "2139"]
[BlackElo "1975"]
[TimeControl "180+1"]
[EndTime "10:53:24 PDT"]
[Termination "Ramu_K_FM_FT won by checkmate"]

1. e4 c5 2. Nf3 d6 3. d4 cxd4 4. Nxd4 Nf6 5. Nc3 a6 6. f3 e5 7. Nb3 Be7 8. Be3 b5 9. Nd5 Nbd7 10. Nxe7 Kxe7 11. a4 b4 12. g4 Bb7 13. h4 Qc7 14. h5 Rhd8 15. g5 Ng8 16. g6 fxg6 17. hxg6 hxg6 18.
Bg5+ Ndf6 19. Qd2 d5 20. Qxb4+ Kf7 21. O-O-O Rac8 22. Rh2 Ne7 23. Bxf6 Kxf6 24. Na5 Rh8 25. Rxh8 Qxc2# 0-1

[Event "*** SCC Grand Prix: Titled Tuesday Blitz"]
[Site "Chess.com"]
[Date "2020.09.08"]
[Round "5"]
[White "GregShahade"]
[Black "gui_borba"]
[Result "1-0"]
[WhiteElo "2603"]
[BlackElo "2401"]
[TimeControl "180+1"]
[EndTime "10:53:34 PDT"]
[Termination "GregShahade won by resignation"]

1. e4 c6 2. Nc3 d5 3. Nf3 dxe4 4. Nxe4 Nf6 5. Qe2 Nxe4 6. Qxe4 Qd5 7. Qf4 Qf5 8. Qe3 Qe6 9. b3 Qxe3+ 10. fxe3 Bf5 11. d3 f6 12. Bb2 Nd7 13. O-O-O e5 14. e4 Be6 15.
Rg1 Bc5 16. d4 exd4 17. Nxd4 Bf7 18. g4 O-O-O 19. g5 Ne5 20. gxf6 gxf6 21. Bh3+ Kb8 22. Rgf1 Bh5 23. Rd2 Rhg8 24. Rxf6 Rg1+ 25. Rf1 Rxf1+ 26. Bxf1 Nf3 27. Nxc6+ bxc6 28. Rxd8+ Kc7 29. Rd3 Nxh2 30. Be5+ Kb6 31. Bxh2 1-0

[Event "*** SCC Grand Prix: Titled Tuesday Blitz"]
[Site "Chess.com"]
[Date "2020.09.08"]
[Round "5"]
[White "WPWPWP-2015"]
[Black "Martins-BR"]
[Result "1-0"]
[WhiteElo "2446"]
[BlackElo "2261"]
[TimeControl "180+1"]
[EndTime "10:53:39 PDT"]
[Termination "WPWPWP-2015 won by resignation"]

1. e4 c5 2. Nf3 e6 3. d4 cxd4 4. Nxd4 Nc6 5. Nc3 Qc7 6. Be3 a6 7. Qf3 d6 8. O-O-O Bd7 9. Qg3 Nf6 10. f4 b5 11. Bd3 b4 12. Nce2 g6 13. Nxc6 Bxc6 14. Bd4 Bg7 15. Qh4 e5 16. fxe5 dxe5 17. Bc5 a5 18. Rhf1 Ba4 19. Bd6 Qd8 20. Bxe5 Qe7 21.
Bxf6 1-0

[Event "*** SCC Grand Prix: Titled Tuesday Blitz"]
[Site "Chess.com"]
[Date "2020.09.08"]
[Round "5"]
[White "GadimbayliA"]
[Black "Sven_Tica"]
[Result "1-0"]
[WhiteElo "2897"]
[BlackElo "2702"]
[TimeControl "180+1"]
[EndTime "10:53:42 PDT"]
[Termination "GadimbayliA won by checkmate"]

1. e4 c5 2. Nf3 Nf6 3. e5 Nd5 4. Nc3 e6 5. Nxd5 exd5 6. d4 Nc6 7. dxc5 Bxc5 8. Qxd5 Qb6 9. Bc4 Bxf2+ 10. Ke2 O-O 11. Rf1 Bc5 12. Ng5 Nd4+ 13. Kd1 Ne6 14. Ne4 d6 15. exd6 Rd8 16. Bd3 Bxd6 17. Qh5 Qd4 18. Nxd6 Qxd6 19. Qxh7+ Kf8 20. Qh5 Qc7 21. Be3 a6 22. a4 b6 23. Ra3 Bb7 24. Rc3 Qe7 25. Qh8# 1-0

[Event "*** SCC Grand Prix: Titled Tuesday Blitz"]
[Site "Chess.com"]
[Date "2020.09.08"]
[Round "5"]
[White "hellokostya"]
[Black "Xeslu"]
[Result "0-1"]
[WhiteElo "2478"]
[BlackElo "2328"]
[TimeControl "180+1"]
[EndTime "10:53:49 PDT"]
[Termination "Xeslu won by resignation"]

1. d4 d5 2. c4 c6 3. Nf3 Nf6 4. e3 e6 5. Bd3 Nbd7 6. b3 b6 7. Bb2 Bd6 8. Nc3 Bb7 9. Qc2 Qe7 10. O-O Ba3 11. Rfe1 Bxb2 12. Qxb2 O-O 13. Qc2 h6 14. e4 dxe4 15. Nxe4 Nxe4 16. Bxe4 Nf6 17. c5 Rfd8 18.
Rad1 bxc5 19. dxc5 Rxd1 20. Rxd1 Rd8 21. Rxd8+ Qxd8 22. h3 Qa5 23. Bd3 Nd5 24. Ne5 Qe1+ 25. Kh2 Qxe5+ 0-1

[Event "*** SCC Grand Prix: Titled Tuesday Blitz"]
[Site "Chess.com"]
[Date "2020.09.08"]
[Round "5"]
[White "chessmadara"]
[Black "Chessbard1972"]
[Result "1-0"]
[WhiteElo "1898"]
[BlackElo "2359"]
[TimeControl "180+1"]
[EndTime "10:53:49 PDT"]
[Termination "chessmadara won by resignation"]

1. e4 c5 2. Nf3 a6 3. d4 cxd4 4. Nxd4 e6 5. c4 Nf6 6. Nc3 Qc7 7. Be2 b6 8. O-O Bb7 9. f3 Nc6 10. Kh1 Ne5 11. Be3 Ng6 12. Rc1 h5 13. Qd2 h4 14. Rfd1 Rc8 15. Bg5 Nh5 16. a3 Qb8 17. Nxe6 Ne5 18. Nxf8 Rxf8 19. Nd5 Bxd5 20. exd5 f6 21.
Bxh4 d6 22. f4 Ng6 23. Bxh5 Kf7 24. Qd3 Kg8 25. Qxg6 b5 26. Bg4 1-0

[Event "*** SCC Grand Prix: Titled Tuesday Blitz"]
[Site "Chess.com"]
[Date "2020.09.08"]
[Round "5"]
[White "AniJak"]
[Black "Violord"]
[Result "0-1"]
[WhiteElo "2366"]
[BlackElo "2681"]
[TimeControl "180+1"]
[EndTime "10:53:50 PDT"]
[Termination "Violord won by resignation"]

1. e4 g6 2. d4 Bg7 3. Nc3 c6 4. g3 d5 5. Nge2 Bg4 6. exd5 Bf3 7. Rg1 cxd5 8. Be3 Nc6 9. Qd2 Nf6 10. Nf4 O-O 11. Be2 Bxe2 12. Nfxe2 b5 13. g4 b4 14. Na4 Ne4 15. Qd1 Qa5 16. b3 Rac8 17. f3 Nd6 18. Nc5 Nb5 19. Na4 Rfd8 20. Kf2 e5 21.
dxe5 Nxe5 22. Nd4 Nxd4 23. Bxd4 Qc7 24. Rc1 Qe7 25. Qe1 Qh4+ 26. Kg2 Nxf3 27. Qxh4 Nxh4+ 28. Kg3 Bxd4 29. Rgd1 Bf6 0-1

[Event "*** SCC Grand Prix: Titled Tuesday Blitz"]
[Site "Chess.com"]
[Date "2020.09.08"]
[Round "5"]
[White "keepitcool9499"]
[Black "snap_man"]
[Result "1-0"]
[WhiteElo "2649"]
[BlackElo "2294"]
[TimeControl "180+1"]
[EndTime "10:53:55 PDT"]
[Termination "keepitcool9499 won by resignation"]

1. d4 d5 2. c4 c6 3. cxd5 cxd5 4. Nc3 Nf6 5. Bf4 Bf5 6. Nf3 e6 7. Qb3 Qb6 8. Qxb6 axb6 9. e3 Na6 10. Bb5+ Ke7 11.
O-O Nh5 12. Bg3 Nxg3 13. hxg3 f6 14. Rfc1 Nb4 15. a3 Na6 16. Na4 Kd6 17. Nxb6 1-0

[Event "*** SCC Grand Prix: Titled Tuesday Blitz"]
[Site "Chess.com"]
[Date "2020.09.08"]
[Round "5"]
[White "KubaGepard"]
[Black "Meri-Arabidze"]
[Result "0-1"]
[WhiteElo "2388"]
[BlackElo "2565"]
[TimeControl "180+1"]
[EndTime "10:53:56 PDT"]
[Termination "Meri-Arabidze won by resignation"]

1. d4 d5 2. c4 e6 3. Nf3 Nf6 4. g3 Bb4+ 5. Bd2 Be7 6. Bg2 O-O 7. O-O Nbd7 8. Qc2 Ne4 9. Bc1 c6 10. Nc3 f5 11. Nd2 Ndf6 12. Ncxe4 dxe4 13. e3 c5 14. Nb3 cxd4 15. exd4 b6 16. a4 a5 17. f3 Bb7 18.
Bf4 exf3 19. Bxf3 Bxf3 20. Rxf3 Ne4 21. Re1 Bg5 22. Bxg5 Qxg5 23. Rf4 Nxg3 24. Rf2 Ne4+ 25. Rg2 Qh4 26. Re3 Rac8 27. Qd3 Rf7 28. Nc1 Rd8 29.
b3 Rfd7 30. d5 exd5 31. Qd4 dxc4 32. Qxc4+ Kh8 33. Nd3 Rxd3 0-1

[Event "*** SCC Grand Prix: Titled Tuesday Blitz"]
[Site "Chess.com"]
[Date "2020.09.08"]
[Round "5"]
[White "ErikRonka"]
[Black "MFguimaraes"]
[Result "0-1"]
[WhiteElo "2243"]
[BlackElo "2409"]
[TimeControl "180+1"]
[EndTime "10:53:57 PDT"]
[Termination "MFguimaraes won by resignation"]

1. e4 e5 2. Nf3 Nc6 3. Bb5 Nf6 4.
O-O Bc5 5. c3 O-O 6. d4 Bb6 7.
Bg5 h6 8. Bh4 d6 9. Bxc6 bxc6 10. dxe5 dxe5 11. Qxd8 Rxd8 12. Nbd2 g5 13. Bg3 g4 14.
Bxe5 gxf3 15. Nxf3 Nxe4 16. Bd4 Bg4 17. Ne5 Bxd4 18. Nxg4 Bg7 19. Rfe1 Nf6 20. Ne5 Rd6 21. Nc4 Re6 22. Rxe6 fxe6 23. Ne5 Rb8 24. b3 Nd5 25. Nxc6 Rb6 26. Nxa7 Nxc3 27. Rf1 Ra6 28. Nc8 Kf7 0-1